 Dungeon Crawl Stone Soup version 0.21-a0-143-g1ab7d47 (webtiles) character file.

215 Savaroth the Skirmisher (level 5, -1/48 HPs)
             Began as a Minotaur Berserker on July 24, 2017.
             Was a Believer of Trog.
             Slain by Crazy Yiuf
             ... wielding a +3 quarterstaff of chaos
              (11 damage)
             ... on level 3 of the Dungeon.
             The game lasted 00:06:54 (1991 turns).

Savaroth the Skirmisher (Minotaur Berserker)        Turns: 1991, Time: 00:06:55

Health: -1/48      AC:  6    Str: 21    XL:     5   Next: 60%
Magic:  4/4        EV: 13    Int:  4    God:    Trog [**....]
Gold:   132        SH:  0    Dex: 11    Spells: 4/4 levels left

rFire    + . .     SeeInvis .   w - +0 war axe
rCold    . . .     Gourm    .   (no shield)
rNeg     . . .     Faith    .   r - +2 leather armour {rF+}
rPois    .         Spirit   .   (helmet restricted)
rElec    .         Reflect  .   (no cloak)
rCorr    .         Harm     .   s - +0 pair of gloves
MR       ++...                  (no boots)
Stlth    +.........             (no amulet)
HPRegen  1.16/turn              (no ring)
MPRegen  0.09/turn              (no ring)

@: regenerating, hasted and slowed, drained
A: retaliatory headbutt, horns 2
a: Berserk, Trog's Hand, Burn Spellbooks, Renounce Religion


You were on level 3 of the Dungeon.
You worshipped Trog.
Trog was pleased with you.
You were not hungry.

You visited 1 branch of the dungeon, and saw 3 of its levels.

You collected 132 gold pieces.

Inventory:

Hand Weapons
 a - a +0 falchion
 w - a +0 war axe (weapon)
Armour
 b - a +0 animal skin
 f - a +0 chain mail
 r - a +2 leather armour of fire resistance (worn)
 s - a +0 pair of gloves (worn)
Scrolls
 d - 2 scrolls of identify {unknown}
 h - a scroll of recharging {unknown}
 i - a scroll of enchant weapon {unknown}
 m - a scroll of magic mapping {unknown}
 o - a scroll of immolation {unknown}
 q - 2 scrolls of remove curse
 u - a scroll of amnesia {unknown}
 x - a scroll of teleportation {unknown}
Potions
 e - a potion of mutation {unknown}
 g - a potion of heal wounds {unknown}
 k - a potion of might {unknown}
 n - 2 potions of curing {unknown}
 p - 3 potions of resistance {unknown}
 t - a potion of flight {unknown}
Comestibles
 c - 3 bread rations
 j - 2 royal jellies
 l - a meat ration


   Skills:
 + Level 5.0(4.7) Fighting
 + Level 4.8(4.6) Long Blades
 + Level 4.1(3.8) Armour
 + Level 3.8(3.6) Dodging


You had 4 spell levels left.
You didn't know any spells.

Dungeon Overview and Level Annotations

Branches:
Dungeon (3/15)

Altars:
Elyvilon
Qazlal

Annotations:
D:3 Crazy Yiuf


Innate Abilities, Weirdness & Mutations

You reflexively headbutt those who attack you in melee.
You have a pair of horns on your head.


Message History

You recover from your berserk rage.
You feel sick.
You are no longer poisoned.
Crazy Yiuf completely misses you.
Crazy Yiuf hits you with a quarterstaff of chaos!
* * * LOW HITPOINT WARNING * * *
You feel yourself speed up.
You completely miss Crazy Yiuf.
Crazy Yiuf is almost dead.
You feel the effects of Trog's Hand fading.
Crazy Yiuf hits you but does no damage.
You feel drained.
You closely miss Crazy Yiuf. Your headbutt misses Crazy Yiuf.
Crazy Yiuf is almost dead.
Crazy Yiuf misses you. Crazy Yiuf hits you but does no damage.
You feel as though you will be slow longer.
You hit Crazy Yiuf but do no damage.
Crazy Yiuf is almost dead.
Crazy Yiuf grits, "Defame shoe rumpyflump!"
Crazy Yiuf hits you with a quarterstaff of chaos!
You die...

# #...#######.##... #####
#...##...........
≈..≈#############.......###..####
..≈.............#.......####.# #
≈≈..###########.#.>......###.####
≈≈.......# #.##.......##......
≈≈≈......# #.##.......##.#.###
≈≈.≈)....######..........##.#.###
≈≈≈.....(....)[)@g<......##......
≈≈≈≈.....#########.......####..##
≈≈.......# ###...#.#####...
≈≈.......# #..##.#.......
≈≈≈......# ##.##.#.###...
≈≈..)##### #...#......... .≈...#
##..######..... .....# #.)..#
#..... ###### ♣P...♣ ###.#..


You could see Crazy Yiuf.

Vanquished Creatures
  Jessica (D:3)
  Natasha (thrice) (D:3)
  3 adders (D:2)
  An ooze (D:1)
  2 worms (D:2)
  A dart slug (D:1)
  3 leopard geckos
  5 orcs (D:3)
  4 giant cockroaches (D:1)
  9 goblins
  5 hobgoblins
  3 jackals (D:1)
  8 kobolds
  A quokka (D:2)
  10 bats
  4 frilled lizards
  6 rats
69 creatures vanquished.

Notes
Turn   | Place    | Note
-------+----------+-------------------------------------------
     0 | D:1      | Savaroth the Minotaur Berserker began the quest for the Orb.
     0 | D:1      | Reached XP level 1. HP: 19/19 MP: 0/0
   106 | D:1      | Reached XP level 2. HP: 9/27 MP: 1/1
   317 | D:1      | Reached ** piety under Trog
   460 | D:1      | Reached XP level 3. HP: 33/33 MP: 2/2
   507 | D:1      | Reached skill level 4 in Fighting
   793 | D:2      | Found a stormy altar of Qazlal.
   846 | D:2      | Reached XP level 4. HP: 36/40 MP: 3/3
   904 | D:2      | Found a white marble altar of Elyvilon.
  1240 | D:3      | Found a faded altar of an unknown god.
  1376 | D:3      | Noticed Natasha
  1378 | D:3      | Noticed Jessica
  1389 | D:3      | Killed Natasha
  1392 | D:3      | Killed Jessica
  1392 | D:3      | Reached XP level 5. HP: 20/47 MP: 4/4
  1544 | D:3      | Noticed Natasha
  1553 | D:3      | Killed Natasha
  1565 | D:3      | Found a runed door.
  1640 | D:3      | Noticed Natasha
  1644 | D:3      | Killed Natasha
  1644 | D:3      | Reached skill level 5 in Fighting
  1957 | D:3      | Noticed Crazy Yiuf
  1991 | D:3      | Slain by Crazy Yiuf

Vault maps used:
D:1:      matt_arrival_spirals, corexii_item_surrounded_by_moat
D:2:      elyvilon_altar_5, grunt_qazlal_sundering
D:3:      chequers_ecumenical_altar_island, uniq_crazy_yiuf_cottage,
          uniq_jessica, uniq_natasha

Skill      XL: |  1  2  3  4  5 |
---------------+----------------+-----
Armour         | 3 4 |  4.1
Fighting       | 4 5 |  5.0
Dodging        | 3 |  3.8
Long Blades    | 4 |  4.8

Action                   |  1- 3 |  4- 6 || total
-------------------------+-------+-------++-------
Melee: Falchion          |    73 |    30 ||   103
       Headbutt          |    16 |    13 ||    29
       War axe           |       |    42 ||    42
Invok: Berserk           |       |     1 ||     1
       Trog's Hand       |       |     1 ||     1
  Use: Scroll            |       |     1 ||     1
 Stab: Sleeping          |     1 |       ||     1
  Eat: Chunk             |       |     3 ||     3
       Royal jelly       |       |     1 ||     1
Armor: Animal skin       |    11 |       ||    11
       Chain mail        |    49 |     1 ||    50
       Leather armour    |       |    30 ||    30
Dodge: Dodged            |    60 |    47 ||   107
       Rpst.: Falchion   |    21 |     2 ||    23
